 Dungeon Crawl Stone Soup version 0.30-a0-782-ge64f9170bb (webtiles) character file.

Game seed: 11190248446653879604

17612 funkygono the Arsonist (level 12, -8/64 HPs)
             Began as a Gargoyle Fire Elementalist on Mar 9, 2023.
             Was an Elder of Sif Muna.
             Mangled by a death yak (10 damage)
             ... on level 2 of the Lair of Beasts.
             The game lasted 00:21:16 (13359 turns).

funkygono the Arsonist (GrFE)                      Turns: 13359, Time: 00:21:16

Health: -8/64      AC: 23    Str: 17    XL:     12   Next: 49%
Magic:  16/36      EV: 18    Int: 22    God:    Sif Muna [****..]
Gold:   917        SH:  0    Dex: 10    Spells: 22/34 levels left

rFire   + . .      SeeInvis +    D - +5 eveningstar (protect)
rCold   + . .      Faith    .    (no shield)
rNeg    + . .      Spirit   .    C - +5 robe of Night {Dark Will+ SInv}
rPois   ∞          Reflect  .    o - +2 helmet
rElec   +          Harm     .    n - +2 cloak
rCorr   .          Rampage  .    w - +1 pair of gloves of Terror {rF+ rC+ MP+9}
Will    +....                    (no boots)
Stlth   ++                       (no amulet)
HPRegen 0.30/turn                r - +5 ring of evasion
MPRegen 0.25/turn                u - +6 ring of strength

@: no status effects
A: sickness immunity, AC +8, negative energy resistance 1, electricity
resistance, torment resistance 1, petrification resistance
a: Renounce Religion, Channel Magic, Forget Spell, Divine Exegesis


You were on level 2 of the Lair of Beasts.
You worshipped Sif Muna.
Sif Muna was greatly pleased with you.
You visited 3 branches of the dungeon, and saw 13 of its levels.

You collected 1027 gold pieces.
You spent 110 gold pieces at shops.

Inventory:

Hand Weapons
 d - a +0 whip
 D - a +5 eveningstar of protection (weapon)
Armour
 c - a +1 pair of gloves
 i - an orb of light
 n - a +2 cloak (worn)
 o - a +2 helmet (worn)
 w - the +1 pair of gloves of Terror (worn) {rF+ rC+ MP+9}
   (You acquired it on level 1 of the Lair of Beasts)

   rF:        It protects you from fire.
   rC:        It protects you from cold.
   MP:        It affects your magic capacity (+9).
 x - +0 acid dragon scales
 y - a +2 robe of positive energy
 C - the +5 robe of Night (worn) {Dark Will+ SInv}
   (You found it on level 8 of the Dungeon)

   Dark:      It shrouds the wearer in darkness, reducing the range at which
   they can see and be seen by others.
   SInv:      It lets you see invisible.
   Will:      It increases your willpower.
Jewellery
 r - a +5 ring of evasion (left hand)
 u - a +6 ring of strength (right hand)
 v - a ring of willpower
 G - a ring of willpower
 I - a +4 ring of slaying
Wands
 j - a wand of mindburst (4)
 k - a wand of quicksilver (1)
 B - a wand of flame (25)
 E - a wand of digging (5)
Scrolls
 a - 2 scrolls of fog
 p - 3 scrolls of amnesia
 t - 7 scrolls of teleportation
 F - 2 scrolls of fear
Potions
 b - a potion of magic
 e - 2 potions of flight
 f - 3 potions of curing
 g - 3 potions of berserk rage
 h - a potion of ambrosia
 l - 9 potions of heal wounds
 m - 2 potions of brilliance
 q - 4 potions of mutation
 s - 2 potions of haste
 z - a potion of might {unknown}
 A - a potion of invisibility {unknown}


   Skills:
 + Level 2.9 Fighting
 + Level 4.3 Maces & Flails
 + Level 4.2 Dodging
 - Level 2.1 Stealth
 + Level 11.8 Spellcasting
 + Level 9.1 Conjurations
 + Level 11.9 Fire Magic
 + Level 0.5 Invocations


You had 22 spell levels left.
You knew the following spells:

 Your Spells              Type           Power      Damage    Failure   Level
a - Foxfire               Conj/Fire      100%       2x1d9     1%          1
b - Scorch                Fire           100%       2d10      1%          2
c - Kindle Blastsparks    Fire/Tloc/Air  60%        2d15      3%          3
d - Flame Wave            Conj/Fire      56%        2d13      1%          4
e - Kiss of Death         Conj/Necr      100%       2d13      1%          1
f - Apportation           Tloc           24%        N/A       4%          1

Your spell library contained the following spells:

 Spells                   Type           Power      Damage    Failure   Level
 Inner Flame              Hex/Fire       39%        N/A       1%          3
 Hailstorm                Conj/Ice       33%        3d8       2%          3
 Freeze                   Ice            48%        1d6       4%          1
 Necrotise                Necr           52%        1d6       4%          1
 Summon Small Mammal      Summ           48%        N/A       4%          1
 Mephitic Cloud           Conj/Pois/Air  26%        N/A       4%          3
 Poisonous Vapours        Pois/Air       24%        N/A       8%          2
 Confusing Touch          Hex            12%        N/A       16%         3
 Frozen Ramparts          Ice            24%        1d4       16%         3
 Irradiate                Conj/Tmut      16%        3d17      22%         5
 Dispel Undead            Necr           13%        3d9       45%         4
 Petrify                  Tmut/Erth      12%        N/A       45%         4
 Summon Lightning Spire   Summ/Air       12%        N/A       45%         4
 Blade Hands              Tmut           6%         N/A       80%         5
 Metabolic Englaciation   Hex/Ice        6%         N/A       80%         5
 Dragon Form              Tmut           6%         N/A       100%        7
 Storm Form               Tmut/Air       6%         N/A       100%        7
 Maxwell's Capacitive Co  Air            6%         ∞         100%        8
 Cigotuvi's Dreadful Rot  Necr/Pois/Air  Unusable   N/A       N/A         2
 Statue Form              Tmut/Erth      Unusable   N/A       N/A         6

Dungeon Overview and Level Annotations

Branches:
Dungeon (10/15)            Temple (1/1) D:7            Lair (2/5) D:10
  Swamp: Lair:2-3    Shoals: Lair:2-3     Snake: Lair:2-3    Spider: Lair:2-3
    Orc: D:9-12

Altars:
Ashenzari
Cheibriados
Dithmenos
Elyvilon
Fedhas
Gozag
Hepliaklqana
Kikubaaqudgha
Makhleb
Nemelex Xobeh
Okawaru
Qazlal
Ru
Sif Muna
Trog
Uskayaw
Vehumet
Wu Jian
Xom
Yredelemnul
Zin
The Shining One

Shops:
D:5 !   D:8 (

Annotations:
Lair:1 2 transporters, funkygono's ghost, journeyman GrFE


Innate Abilities, Weirdness & Mutations

You are immune to sickness and miasma.
Your stone body is resilient. (AC +8)
You are immune to poison.
You resist negative energy. (rN+)
You are resistant to electric shocks. (rElec)
You are resistant to unholy torment.
You are immune to petrification.


Message History

The flame wave engulfs the death yak!
The death yak is moderately wounded.
The flame wave engulfs the death yak!
You kill the death yak!
Sif Muna accepts your kill.
The flame wave engulfs the plant!
The plant is lightly damaged.
You finish channelling waves of flame.
The death yak gores you but does no damage. x2
The death yak gores you!!
Your life force feels restored.
Casting: Flame Wave (dangerous; 1% risk of failure)
Confirm with . or Enter, or press ? or * to list all spells.
Casting: Flame Wave (dangerous; 1% risk of failure)
Press: ? - help, Dir - look around, f - activate A wave of flame ripples out!
The flame wave engulfs the death yak.
The death yak is heavily wounded.
The flame wave engulfs the death yak!
You kill the death yak!
Sif Muna accepts your kill.
The flame wave engulfs the death yak.
The death yak is almost dead. (Press . to intensify the flame waves.)
A nearby plant withers and dies.
The death yak barely misses you. The death yak gores you!
* * * LOW HITPOINT WARNING * * *
Unknown command.
A wave of flame ripples out!
The flame wave engulfs the death yak!
The death yak is severely wounded.
The flame wave engulfs the death yak!!
The death yak is heavily wounded.
The flame wave engulfs the death yak!
The death yak is almost dead.
The flame wave engulfs the vampire mosquito!
The vampire mosquito is almost destroyed.
The death yak gores you!
* * * LOW HITPOINT WARNING * * *
The death yak gores you but does no damage.
The death yak gores you!
You die...

...........# .##.....
.......#....
...P.....
.......P....
..........
.........P#
##...#.....
.........##
#........#.
.......#.#
#....#...#.
......†..# #.......##
.P####Y#.# #...#.....
.. #@Yy#####...†.....
##Y#...##....P....P
#....††..........P#
....D.........P...P#
.....#.##.##.###.....
............... .....
####.##....P#.##.##
## #..#####.


You could see 3 death yaks, a seven-headed hydra and a vampire mosquito.

Vanquished Creatures
  Snorg (D:10)
  A catoblepas (Lair:1)
  2 two-headed ogres
  3 death yaks (Lair:2)
  Urug (D:10)
  Lodul (D:10)
  A black mamba (Lair:1)
  5 elephants (Lair:1)
  3 cane toads
  Maggie (D:7)
  3 komodo dragons
  A troll (D:9)
  Grinder (D:6)
  A hornet (D:9)
  5 blink frogs (Lair:1)
  5 dream sheep (D:8)
  3 shadows
  A wraith (D:10)
  2 wyverns
  A vampire mosquito (Lair:2)
  Menkaure (D:6)
  An acid dragon (D:10)
  3 wargs (D:10)
  3 orc warriors
  3 water moccasins
  An ice beast (D:7)
  A black bear (D:6)
  7 ogres
  3 centaurs
  A phantom (D:5)
  2 kobold brigands (D:8)
  4 bullfrogs
  2 gnoll sergeants (D:8)
  A scorpion (D:6)
  5 wights (D:7)
  10 killer bees (D:8)
  5 howler monkeys (D:9)
  A jelly (D:6)
  5 hounds
  4 iguanas
  5 orc priests
  An iron imp (D:4)
  3 gnoll boudas
  13 orc wizards
  24 gnolls
  11 adders
  2 white imps
  2 ufetubi
  A worm (D:3)
  13 dart slugs
  39 orcs
  12 bats
  7 endoplasms
  3 giant cockroaches
  9 goblins
  7 hobgoblins
  8 jackals
  24 kobolds
  4 quokkas
  5 ball pythons
  2 frilled lizards (D:1)
  6 rats
  A spectral goblin (D:1)
307 creatures vanquished.

Vanquished Creatures (collateral kills)
  A foxfire (Lair:1)
1 creature vanquished.

Vanquished Creatures (others)
  757 foxfires
  6 fungi
  13 plants
776 creatures vanquished.

Grand Total: 1084 creatures vanquished

Notes
Turn   | Place    | Note
-------+----------+-------------------------------------------
     0 | D:1      | funkygono the Gargoyle Fire Elementalist began the quest
                  | for the Orb.
     0 | D:1      | Reached XP level 1. HP: 10/10 MP: 3/3
   192 | D:1      | Reached XP level 2. HP: 15/15 MP: 3/5
   195 | D:1      | Learned a level 2 spell: Scorch
   696 | D:1      | Reached XP level 3. HP: 19/19 MP: 2/6
   700 | D:1      | Learned a level 3 spell: Kindle Blastsparks
   755 | D:1      | Found a faded altar of an unknown god.
  1559 | D:2      | Reached XP level 4. HP: 18/24 MP: 0/7
  2571 | D:3      | Reached skill level 1 in Maces & Flails
  2572 | D:3      | Reached XP level 5. HP: 28/28 MP: 1/9
  3491 | D:3      | Learned a level 4 spell: Flame Wave
  3542 | D:4      | Reached XP level 6. HP: 33/33 MP: 6/11
  4340 | D:4      | Found a snail-covered altar of Cheibriados.
  4382 | D:5      | Entered Level 5 of the Dungeon
  4563 | D:5      | Reached skill level 5 in Fire Magic
  4694 | D:5      | Reached XP level 7. HP: 37/37 MP: 9/13
  4726 | D:5      | Found a bloodstained altar of Trog.
  4728 | D:5      | Noticed a two-headed ogre
  4735 | D:5      | Killed a two-headed ogre
  4736 | D:5      | Reached skill level 5 in Spellcasting
  4736 | D:5      | Reached XP level 8. HP: 33/42 MP: 4/16
  4855 | D:5      | Found Suet's Distillery.
  5487 | D:5      | Found a stormy altar of Qazlal.
  6216 | D:6      | Noticed Grinder
  6224 | D:6      | Killed Grinder
  6225 | D:6      | Reached XP level 9. HP: 46/46 MP: 11/18
  6300 | D:6      | Identified the +8 falchion "Conservator" {speed, rC+ Str+3}
  6404 | D:6      | Noticed Menkaure
  6413 | D:6      | Killed Menkaure
  6414 | D:6      | Reached skill level 5 in Conjurations
  6500 | D:6      | Identified the +0 scale mail of the Inquisitive Yaks
                  | {Dex+3}
  6589 | D:6      | Learned a level 1 spell: Kiss of Death
  6591 | D:6      | Learned a level 1 spell: Apportation
  6736 | D:7      | Found a staircase to the Ecumenical Temple.
  6879 | Temple   | Entered the Ecumenical Temple
  6975 | Temple   | Became a worshipper of Sif Muna the Loreminder
  7649 | D:7      | Noticed Maggie
  7658 | D:7      | Killed Maggie
  8266 | D:8      | Reached skill level 1 in Fighting
  8357 | D:8      | Reached XP level 10. HP: 39/52 MP: 6/22
  8538 | D:8      | Reached * piety under Sif Muna
  8680 | D:8      | Found Unucan's Antique Weapon Shoppe.
  9133 | D:8      | Reached ** piety under Sif Muna
  9265 | D:8      | Found the +5 robe of Night {Dark Will+ SInv}
  9710 | D:9      | Found a sparkling altar of Nemelex Xobeh.
 10137 | D:10     | Entered Level 10 of the Dungeon
 10137 | D:10     | Noticed Urug
 10147 | D:10     | Killed Urug
 10147 | D:10     | Noticed Snorg
 10148 | D:10     | Reached skill level 10 in Fire Magic
 10148 | D:10     | Reached XP level 11. HP: 27/57 MP: 6/24
 10261 | D:10     | Killed Snorg
 10262 | D:10     | Reached skill level 10 in Spellcasting
 10367 | D:10     | Noticed a two-headed ogre
 10377 | D:10     | Killed a two-headed ogre
 10580 | D:10     | Found a staircase to the Lair.
 10735 | D:10     | Reached *** piety under Sif Muna
 10737 | D:10     | Noticed Lodul
 10799 | D:10     | Killed Lodul
 11012 | D:10     | Found a glowing silver altar of Zin.
 11690 | D:5      | Bought a potion of heal wounds for 55 gold pieces
 11690 | D:5      | Bought a potion of heal wounds for 55 gold pieces
 11852 | Lair:1   | Entered Level 1 of the Lair of Beasts
 11852 | Lair:1   | Found a transporter.
 12071 | Lair:1   | Found a transporter.
 12074 | Lair:1   | Noticed funkygono's ghost (journeyman GrFE)
 12075 | Lair:1   | Noticed a moth of wrath
 12372 | Lair:1   | Reached XP level 12. HP: 53/64 MP: 7/27
 12529 | Lair:1   | Noticed a catoblepas
 12539 | Lair:1   | Killed a catoblepas
 13138 | Lair:1   | Identified a scroll of acquirement
 13138 | Lair:1   | Acquired the +1 pair of gloves of Terror {rF+ rC+ MP+9}
 13240 | Lair:2   | Reached **** piety under Sif Muna
 13339 | Lair:2   | Noticed a death yak
 13339 | Lair:2   | Noticed a death yak
 13339 | Lair:2   | Noticed a death yak
 13340 | Lair:2   | Noticed a death yak
 13341 | Lair:2   | Noticed a death yak
 13347 | Lair:2   | Noticed a death yak
 13354 | Lair:2   | Killed a death yak
 13356 | Lair:2   | Noticed a seven-headed hydra
 13357 | Lair:2   | Killed a death yak
 13358 | Lair:2   | Killed a death yak
 13359 | Lair:2   | HP: 2/64 [death yak (15)]
 13359 | Lair:2   | Mangled by a death yak

Illustrated notes

Levels and vault maps discovered:
D:1:      dpeg_arrival_fog, layout_loops_ring,
          dreamdust_ecumenical_altar_drowned_temple, minivault_19
D:2:      layout_loops_ring
D:3:      kennysheep_slugbush, layout_basic, minmay_vboxes
D:4:      minmay_chambers_of_fours, layout_rooms, chei_slow_surprise
D:5:      layout_loops_cross, mainiacjoe_overflow_small_starburst,
          mainiacjoe_overflow_surrounded_room, serial_shops, shop
D:6:      layout_loops_ring, uniq_grinder, uniq_menkaure
D:7:      layout_basic, minmay_temple_entry_mini_moons, uniq_maggie
D:8:      layout_rooms, serial_shops, nicolae_shop_competitors_out_of_business,
          corexii_checkpoint_a, hellmonk_guarded_unrand_night
D:9:      layout_cave_pools, mainiacjoe_overflow_brackets
D:10:     layout_basic, lemuel_doored_altar, erik_lair_orcish_takeover,
          minmay_misc_feat_pillars, grunt_decor_junction, uniq_lodul,
          uniq_snorg, uniq_urug
Temple:   minmay_temple_bridge_d
Lair:1:   layout_chaotic_city, gammafunk_ghost_berserking_beasts,
          chequers_serial_rivers_micro_b, chequers_serial_rivers_large_a,
          roderic_batcave, lemuel_fruit_tree
Lair:2:   layout_chaotic_city, minmay_swamp_entry_swarm, serial_bayou_shore_b

Skill      XL: |  1  2  3  4  5  6  7  8  9 10 11 12 |
---------------+-------------------------------------+-----
Fire Magic     | 4 5 6 7 8 10 11 | 11.9
Conjurations   | 2 3 4 6 7 8 9 |  9.1
Spellcasting   | 3 4 5 6 8 9 11 | 11.8
Maces & Flails | 1 2 3 4 |  4.3
Dodging        | 2 3 4 |  4.2
Fighting       | 1 2 |  2.9
Stealth        | |  2.1
Invocations    | |  0.5

Action                     |  1- 3 |  4- 6 |  7- 9 | 10-12 || total
---------------------------+-------+-------+-------+-------++-------
  Melee: Unarmed           |     2 |       |       |       ||     2
         Whip              |     6 |     1 |       |       ||     7
         Mace              |       |    42 |    23 |     5 ||    70
         Eveningstar       |       |       |       |    31 ||    31
   Cast: Foxfire           |    54 |   108 |   122 |   161 ||   445
         Scorch            |     5 |    22 |    38 |    46 ||   111
         Flame Wave        |       |       |     6 |    39 ||    45
         Kiss of Death     |       |       |       |     1 ||     1
 Invoke: Channel Magic     |       |       |       |     1 ||     1
    Use: Scroll            |       |    14 |     4 |     9 ||    27
         Potion            |       |       |     1 |     1 ||     2
 Armour: Robe              |     9 |    27 |    17 |    66 ||   119
  Dodge: Dodged            |    14 |    68 |    54 |   182 ||   318

Table legend: (Time is in decaauts)
 A = Elapsed time spent in this place.
 B = Non-inter-level travel time spent in this place.
 C = Inter-level travel time spent in this place.
 D = Time resting spent in this place.
 E = Time spent auto-exploring this place.
 F = Levels seen in this place.
 G = Mean time per level.
                   A        B        C        D        E       F      G
               +--------+--------+--------+--------+--------+-----+--------+
         Total |  13430 |  12917 |    513 |    218 |  10767 |  13 | 1033.1 |
       Dungeon |  11676 |  11229 |    447 |    218 |   9337 |  10 | 1167.6 |
        Temple |    227 |    200 |     27 |      0 |    183 |   1 |  227.0 |
          Lair |   1526 |   1488 |     38 |      0 |   1247 |   2 |  763.0 |
               +--------+--------+--------+--------+--------+-----+--------+

Top non-repeatable levels by time:
     D:8: 1446 daAuts
     D:1: 1423 daAuts
  Lair:1: 1382 daAuts
    D:10: 1338 daAuts
     D:5: 1262 daAuts
     D:7: 1253 daAuts
     D:2: 1154 daAuts
     D:4: 1111 daAuts
     D:3: 948 daAuts
     D:6: 935 daAuts
     D:9: 802 daAuts
  Temple: 227 daAuts
  Lair:2: 143 daAuts
